[ AOE2 MATCH · #505876821 ]
UnrankedLithuanians vs Byzantines
Player's team · LOSS
[ REPLAY ANALYSIS · EXTRACTED FROM THE RECORDED GAME ]
Feudal
10:34
Castle
27:42
Imperial
—
| APM avg | 50.0 |
| APM peak | 80 |
| eAPM avg | 25.7 |
| Villagers / military | 111 / 52 |
Focus
⚔️ 35.8% · 🌾 64.2%
Leitis ×23 · Militia ×23 · Monk ×6
Feudal
9:19
Castle
26:03
Imperial
—
| APM avg | 64.8 |
| APM peak | 121 |
| eAPM avg | 36.6 |
| Villagers / military | 183 / 198 |
Focus
⚔️ 49.9% · 🌾 50.1%
Camel Scout ×90 · Cavalry Archer ×45 · Skirmisher ×28 · Spearman ×12 · Knight ×11 · Archer ×7
Match map
Initial resources + every placement click. Lines = walls · curves = elevation contours. ◆ gold · ⬟ stone · ● berries · ✦ relic · ◌ wall gap
Your base· Open — unwalled flank
wR.Monoz's base· Open — 4t gap
Smoothed initial terrain · ◌ = detected wall gap · hover for details
Inputs per minute
— CNZS_98T - - wR.Monoz
Build order — CNZS_98T
First 150 of 286 actions detected
| 0:00 | Create | Villager (Male) |
| 0:01 | Create | Villager (Male) |
| 0:01 | Create | Villager (Male) |
| 0:02 | Create | Villager (Male) |
| 0:03 | Build | House |
| 0:05 | Build | House |
| 0:16 | Create | Villager (Male) |
| 0:17 | Create | Villager (Male) |
| 1:30 | Create | Villager (Male) |
| 2:01 | Build | Lumber Camp |
| 2:01 | Create | Villager (Male) |
| 2:30 | Create | Villager (Male) |
| 2:31 | Create | Villager (Male) |
| 2:51 | Create | Villager (Male) |
| 2:51 | Create | Villager (Male) |
| 3:08 | Create | Villager (Male) |
| 3:08 | Create | Villager (Male) |
| 3:25 | Build | House |
| 4:39 | Create | Villager (Male) |
| 4:39 | Create | Villager (Male) |
| 4:39 | Create | Villager (Male) |
| 4:40 | Create | Villager (Male) |
| 4:40 | Create | Villager (Male) |
| 5:12 | Build | Barracks |
| 5:20 | Create | Villager (Male) |
| 5:23 | Build | House |
| 6:20 | Build | House |
| 6:27 | Create | Militia |
| 6:27 | Create | Militia |
| 6:28 | Create | Militia |
| 6:32 | Build | Palisade Wall |
| 6:35 | Create | Villager (Male) |
| 7:00 | Create | Villager (Male) |
| 7:21 | Create | Villager (Male) |
| 7:23 | Research | Loom |
| 7:47 | Build | Mill |
| 8:22 | Research | Feudal Age |
| 8:44 | Build | Mining Camp |
| 8:49 | Build | Palisade Wall |
| 9:16 | Build | Lumber Camp |
| 9:28 | Build | Mill |
| 9:42 | Create | Villager (Male) |
| 9:59 | Build | House |
| 10:19 | Create | Villager (Male) |
| 10:34 | Age | Feudal Age |
| 10:35 | Build | Palisade Wall |
| 10:38 | Research | Man-at-Arms (upgrade) |
| 10:38 | Research | Man-at-Arms (upgrade) |
| 10:45 | Build | Farm |
| 10:47 | Build | Farm |
| 10:48 | Build | Farm |
| 11:06 | Create | Villager (Male) |
| 11:08 | Build | House |
| 11:22 | Build | Palisade Wall |
| 11:34 | Create | Militia |
| 11:37 | Build | Farm |
| 11:43 | Build | Palisade Wall |
| 11:46 | Build | Palisade Wall |
| 11:53 | Build | Farm |
| 11:55 | Create | Villager (Male) |
| 11:55 | Create | Villager (Male) |
| 11:56 | Create | Villager (Male) |
| 11:58 | Build | Farm |
| 12:04 | Build | Farm |
| 12:08 | Build | Farm |
| 12:24 | Create | Militia |
| 12:39 | Create | Militia |
| 12:47 | Create | Villager (Male) |
| 12:47 | Create | Villager (Male) |
| 12:47 | Create | Villager (Male) |
| 13:06 | Create | Militia |
| 13:24 | Create | Villager (Male) |
| 13:36 | Build | Blacksmith |
| 13:44 | Build | Farm |
| 13:45 | Build | Farm |
| 13:49 | Research | Double-Bit Axe |
| 13:59 | Create | Militia |
| 14:03 | Create | Villager (Male) |
| 14:25 | Create | Villager (Male) |
| 14:27 | Build | Farm |
| 14:29 | Build | Farm |
| 14:37 | Create | Militia |
| 14:46 | Build | Farm |
| 14:48 | Create | Villager (Male) |
| 14:52 | Build | House |
| 14:58 | Research | Scale Mail Armor |
| 15:06 | Create | Villager (Male) |
| 15:17 | Build | Farm |
| 15:23 | Create | Militia |
| 15:32 | Build | House |
| 15:38 | Create | Villager (Male) |
| 15:53 | Create | Militia |
| 15:59 | Create | Villager (Male) |
| 16:02 | Build | Watch Tower |
| 16:03 | Create | Villager (Male) |
| 16:05 | Build | House |
| 16:08 | Create | Villager (Male) |
| 16:23 | Build | House |
| 16:26 | Create | Militia |
| 16:54 | Create | Militia |
| 16:55 | Create | Villager (Male) |
| 16:59 | Build | House |
| 17:07 | Build | Mining Camp |
| 17:25 | Build | House |
| 17:42 | Create | Villager (Male) |
| 17:57 | Create | Villager (Male) |
| 18:02 | Build | House |
| 18:16 | Build | House |
| 18:32 | Create | Villager (Male) |
| 18:42 | Build | Stone Wall |
| 18:49 | Create | Militia |
| 18:50 | Create | Militia |
| 19:03 | Build | Stone Wall |
| 19:05 | Build | Stone Wall |
| 19:07 | Build | Stone Wall |
| 19:09 | Build | Stone Wall |
| 19:10 | Build | Stone Wall |
| 19:12 | Build | Stone Wall |
| 19:13 | Build | Stone Wall |
| 19:15 | Build | Stone Wall |
| 19:16 | Build | Stone Wall |
| 19:18 | Build | Stone Wall |
| 19:23 | Create | Villager (Male) |
| 19:33 | Build | Watch Tower |
| 19:35 | Create | Villager (Male) |
| 19:36 | Build | Watch Tower |
| 19:37 | Create | Villager (Male) |
| 19:55 | Create | Villager (Male) |
| 19:56 | Create | Villager (Male) |
| 20:27 | Create | Militia |
| 20:28 | Create | Villager (Male) |
| 20:55 | Build | Stone Wall |
| 21:07 | Create | Militia |
| 21:08 | Create | Villager (Male) |
| 21:17 | Create | Villager (Male) |
| 21:19 | Create | Militia |
| 21:25 | Create | Militia |
| 21:36 | Create | Militia |
| 21:37 | Create | Villager (Male) |
| 22:03 | Create | Militia |
| 22:04 | Create | Villager (Male) |
| 22:16 | Create | Villager (Male) |
| 22:24 | Build | Stone Wall |
| 23:08 | Create | Militia |
| 23:09 | Create | Villager (Male) |
| 23:13 | Create | Militia |
| 23:14 | Research | Forging |
| 23:15 | Create | Villager (Male) |
| 23:24 | Research | Fletching |
| 23:24 | Research | Fletching |
Build order — wR.Monoz
First 150 of 479 actions detected
| 0:00 | Create | Villager (Male) |
| 0:01 | Create | Villager (Male) |
| 0:01 | Create | Villager (Male) |
| 0:02 | Build | House |
| 0:02 | Build | House |
| 0:04 | Create | Villager (Male) |
| 0:05 | Create | Villager (Male) |
| 1:25 | Build | House |
| 1:30 | Create | Villager (Male) |
| 1:30 | Create | Villager (Male) |
| 1:55 | Create | Villager (Male) |
| 1:55 | Create | Villager (Male) |
| 1:55 | Create | Villager (Male) |
| 2:18 | Create | Villager (Male) |
| 2:18 | Create | Villager (Male) |
| 2:20 | Build | Lumber Camp |
| 2:37 | Create | Villager (Male) |
| 2:37 | Create | Villager (Male) |
| 3:00 | Create | Villager (Male) |
| 3:01 | Create | Villager (Male) |
| 3:01 | Create | Villager (Male) |
| 3:37 | Build | House |
| 3:39 | Create | Villager (Male) |
| 3:40 | Create | Villager (Male) |
| 4:05 | Create | Villager (Male) |
| 4:06 | Create | Villager (Male) |
| 4:06 | Create | Villager (Male) |
| 5:17 | Create | Villager (Male) |
| 5:29 | Build | Mill |
| 5:36 | Create | Villager (Male) |
| 5:50 | Create | Villager (Male) |
| 6:33 | Create | Villager (Male) |
| 6:37 | Research | Loom |
| 7:09 | Research | Feudal Age |
| 7:09 | Research | Feudal Age |
| 7:29 | Create | Villager (Male) |
| 7:29 | Create | Villager (Male) |
| 7:32 | Build | Barracks |
| 7:36 | Build | Barracks |
| 7:51 | Build | House |
| 8:15 | Build | House |
| 8:56 | Build | House |
| 9:12 | Create | Villager (Male) |
| 9:19 | Age | Feudal Age |
| 9:22 | Build | Mill |
| 9:23 | Build | Archery Range |
| 9:27 | Build | Archery Range |
| 9:30 | Research | Double-Bit Axe |
| 9:30 | Create | Spearman |
| 9:49 | Create | Villager (Male) |
| 9:55 | Build | Farm |
| 9:57 | Build | House |
| 10:08 | Create | Skirmisher |
| 10:09 | Create | Skirmisher |
| 10:09 | Create | Skirmisher |
| 10:09 | Create | Skirmisher |
| 10:23 | Build | Palisade Gate |
| 10:32 | Build | Farm |
| 10:36 | Create | Skirmisher |
| 10:38 | Create | Spearman |
| 11:06 | Create | Skirmisher |
| 11:10 | Create | Villager (Male) |
| 11:12 | Build | Farm |
| 11:13 | Research | Horse Collar |
| 11:19 | Build | Farm |
| 11:22 | Create | Spearman |
| 11:27 | Build | House |
| 11:36 | Create | Villager (Male) |
| 11:47 | Create | Skirmisher |
| 11:53 | Build | Palisade Wall |
| 11:57 | Build | Farm |
| 12:02 | Create | Villager (Male) |
| 12:04 | Create | Villager (Male) |
| 12:06 | Build | Farm |
| 12:10 | Build | Farm |
| 12:14 | Build | Palisade Wall |
| 12:40 | Create | Skirmisher |
| 12:43 | Create | Villager (Male) |
| 12:45 | Create | Spearman |
| 12:47 | Create | Villager (Male) |
| 12:49 | Create | Spearman |
| 12:59 | Create | Spearman |
| 13:03 | Build | Farm |
| 13:19 | Create | Spearman |
| 13:20 | Create | Skirmisher |
| 13:26 | Create | Villager (Male) |
| 13:38 | Create | Villager (Male) |
| 13:38 | Create | Villager (Male) |
| 13:38 | Create | Villager (Male) |
| 13:48 | Create | Spearman |
| 13:58 | Create | Villager (Male) |
| 13:59 | Create | Skirmisher |
| 14:00 | Build | Farm |
| 14:03 | Build | Mining Camp |
| 14:19 | Create | Spearman |
| 14:20 | Create | Skirmisher |
| 14:20 | Create | Villager (Male) |
| 14:20 | Create | Villager (Male) |
| 14:32 | Build | Farm |
| 14:40 | Build | House |
| 14:50 | Build | Watch Tower |
| 14:56 | Build | Watch Tower |
| 14:58 | Build | Watch Tower |
| 15:02 | Create | Villager (Male) |
| 15:05 | Create | Skirmisher |
| 15:05 | Create | Skirmisher |
| 15:11 | Build | House |
| 15:22 | Create | Villager (Male) |
| 15:25 | Build | Stone Wall |
| 15:27 | Build | Stone Wall |
| 15:27 | Build | Stone Wall |
| 15:28 | Build | Stone Wall |
| 15:35 | Build | House |
| 15:42 | Create | Villager (Male) |
| 15:45 | Build | Farm |
| 15:53 | Build | Watch Tower |
| 15:54 | Build | Stone Wall |
| 16:00 | Build | Stone Wall |
| 16:10 | Create | Villager (Male) |
| 16:12 | Build | Blacksmith |
| 16:22 | Build | House |
| 16:29 | Build | Watch Tower |
| 16:30 | Build | Palisade Wall |
| 16:31 | Build | Palisade Wall |
| 16:33 | Build | House |
| 16:38 | Create | Villager (Male) |
| 16:52 | Build | Palisade Wall |
| 16:54 | Create | Villager (Male) |
| 16:56 | Research | Fletching |
| 16:57 | Research | Fletching |
| 16:58 | Create | Skirmisher |
| 17:05 | Build | Farm |
| 17:17 | Create | Villager (Male) |
| 17:34 | Create | Villager (Male) |
| 17:46 | Create | Villager (Male) |
| 17:46 | Create | Villager (Male) |
| 17:47 | Build | Mining Camp |
| 17:48 | Create | Villager (Male) |
| 17:49 | Build | Farm |
| 18:08 | Create | Skirmisher |
| 18:18 | Create | Villager (Male) |
| 18:18 | Create | Villager (Male) |
| 18:21 | Build | Farm |
| 18:24 | Create | Skirmisher |
| 18:37 | Create | Villager (Male) |
| 18:52 | Create | Villager (Male) |
| 18:52 | Create | Spearman |
| 19:04 | Create | Skirmisher |
| 19:20 | Create | Villager (Male) |
| 19:20 | Create | Skirmisher |
Match timeline
| 5:12 | CNZS_98T · first_building Barracks |
| 6:32 | CNZS_98T · wall_segment Palisade Wall x1 |
| 7:32 | wR.Monoz · first_building Barracks |
| 8:49 | CNZS_98T · wall_segment Palisade Wall x12 |
| 9:19 | wR.Monoz · age_up feudal |
| 9:23 | wR.Monoz · first_building Archery Range |
| 10:34 | CNZS_98T · age_up feudal |
| 10:35 | CNZS_98T · wall_segment Palisade Wall x1 |
| 11:22 | CNZS_98T · wall_segment Palisade Wall x6 |
| 11:43 | CNZS_98T · wall_segment Palisade Wall x8 |
| 11:46 | CNZS_98T · wall_segment Palisade Wall x12 |
| 11:53 | wR.Monoz · wall_segment Palisade Wall x12 |
| 12:14 | wR.Monoz · wall_segment Palisade Wall x4 |
| 15:25 | wR.Monoz · wall_segment Stone Wall x1 |
| 15:27 | wR.Monoz · wall_segment Stone Wall x1 |
| 15:27 | wR.Monoz · wall_segment Stone Wall x1 |
| 15:28 | wR.Monoz · wall_segment Stone Wall x1 |
| 15:54 | wR.Monoz · wall_segment Stone Wall x1 |
| 16:00 | wR.Monoz · wall_segment Stone Wall x1 |
| 16:30 | wR.Monoz · wall_segment Palisade Wall x1 |
| 16:31 | wR.Monoz · wall_segment Palisade Wall x1 |
| 16:52 | wR.Monoz · wall_segment Palisade Wall x1 |
| 18:42 | CNZS_98T · wall_segment Stone Wall x1 |
| 19:03 | CNZS_98T · wall_segment Stone Wall x1 |
| 19:05 | CNZS_98T · wall_segment Stone Wall x1 |
| 19:07 | CNZS_98T · wall_segment Stone Wall x1 |
| 19:09 | CNZS_98T · wall_segment Stone Wall x1 |
| 19:10 | CNZS_98T · wall_segment Stone Wall x1 |
| 19:12 | CNZS_98T · wall_segment Stone Wall x1 |
| 19:13 | CNZS_98T · wall_segment Stone Wall x1 |
| 19:15 | CNZS_98T · wall_segment Stone Wall x1 |
| 19:16 | CNZS_98T · wall_segment Stone Wall x2 |
| 19:18 | CNZS_98T · wall_segment Stone Wall x1 |
| 20:09 | wR.Monoz · wall_segment Palisade Wall x1 |
| 20:10 | wR.Monoz · wall_segment Palisade Wall x1 |
| 20:10 | wR.Monoz · wall_segment Palisade Wall x1 |
| 20:11 | wR.Monoz · wall_segment Palisade Wall x1 |
| 20:55 | CNZS_98T · wall_segment Stone Wall x1 |
| 22:24 | CNZS_98T · wall_segment Stone Wall x1 |
| 23:46 | wR.Monoz · wall_segment Stone Wall x1 |
| 23:48 | wR.Monoz · wall_segment Stone Wall x1 |
| 24:33 | wR.Monoz · first_building Stable |
| 25:52 | wR.Monoz · wall_segment Stone Wall x1 |
| 25:53 | wR.Monoz · wall_segment Stone Wall x1 |
| 25:54 | wR.Monoz · wall_segment Stone Wall x1 |
| 25:54 | wR.Monoz · wall_segment Stone Wall x1 |
| 25:55 | wR.Monoz · wall_segment Stone Wall x1 |
| 25:55 | wR.Monoz · wall_segment Stone Wall x1 |
| 25:55 | wR.Monoz · wall_segment Stone Wall x1 |
| 26:03 | wR.Monoz · age_up castle |
| 27:24 | CNZS_98T · wall_segment Palisade Wall x6 |
| 27:42 | CNZS_98T · age_up castle |
| 27:50 | CNZS_98T · first_building Castle |
| 28:08 | CNZS_98T · wall_segment Stone Wall x1 |
| 28:10 | wR.Monoz · first_building Monastery |
| 29:15 | wR.Monoz · wall_segment Stone Wall x1 |
| 29:15 | wR.Monoz · wall_segment Stone Wall x1 |
| 29:16 | wR.Monoz · wall_segment Stone Wall x1 |
| 29:16 | wR.Monoz · wall_segment Stone Wall x1 |
| 30:02 | CNZS_98T · first_building Monastery |
| 31:17 | CNZS_98T · wall_segment Stone Wall x1 |
| 32:15 | CNZS_98T · first_market_buy 100 wood |
| 37:58 | CNZS_98T · first_building Stable |
| 40:50 | CNZS_98T · resign |
[ AI ANALYSIS · 1 CREDIT ]
What really happened in this match?
Wolo.gg analyzes every decision: build order, eco, micro, common mistakes by bracket. Personalized analysis on WhatsApp or Discord in 30 seconds.
Civ guide
Lithuanians
Perfil
Jugador #25365699